 Dungeon Crawl Stone Soup version 0.29.1-12-g30fa7ad0bf (webtiles) character file.

Game seed: 17788164032608255792

126 wormed the Caller (level 4, -5/24 HPs)
             Began as a Deep Elf Summoner on Dec 28, 2022.
             Slain by an orc priest
             ... wielding a +0 mace
              (8 damage)
             ... on level 3 of the Dungeon.
             The game lasted 00:06:23 (3391 turns).

wormed the Caller (Deep Elf Summoner)               Turns: 3391, Time: 00:06:24

Health: -5/24      AC:  3    Str:  8    XL:     4   Next: 83%
Magic:  8/12       EV: 13    Int: 22    God:
Gold:   184        SH:  0    Dex: 15    Spells: 0/11 levels left

rFire   . . .      SeeInvis .   p - +4 falchion of Tumult {venom, Str+3}
rCold   . . .      Faith    .   (no shield)
rNeg    . . .      Spirit   .   a - +0 robe
rPois   .          Reflect  .   o - +0 helmet
rElec   .          Harm     .   (no cloak)
rCorr   .          Rampage  .   (no gloves)
Will    .....                   (no boots)
Stlth   ++........              (no amulet)
HPRegen 0.08/turn               (no ring)
MPRegen 0.13/turn               (no ring)

@: no status effects
A: no striking features
a: no special abilities


You were on level 3 of the Dungeon.
You visited 1 branch of the dungeon, and saw 3 of its levels.

You collected 184 gold pieces.

Inventory:

Hand Weapons
 c - a +0 dagger
 j - the +2 sling of Annihilation {flame, Will+}
   (You found it on level 2 of the Dungeon)

   Any ammunition fired from it burns those it strikes, dealing additional fire
   damage.
   Will:      It increases your willpower.
 p - the +4 falchion of Tumult (weapon) {venom, Str+3}
   (You found it on level 3 of the Dungeon)

   It poisons the flesh of those it strikes.
   Str:       It affects your strength (+3).
Armour
 a - a +0 robe (worn)
 o - a +0 helmet (worn)
Jewellery
 i - a ring of flight
 t - a ring of positive energy
Wands
 s - a wand of paralysis (3)
Scrolls
 d - a scroll of vulnerability {unknown}
 g - 3 scrolls of identify {unknown}
 h - a scroll of noise {unknown}
 l - a scroll of teleportation {unknown}
 n - 2 scrolls of summoning {unknown}
 q - a scroll of poison {unknown}
Potions
 b - a potion of magic
 e - a potion of might {unknown}
 f - 2 potions of resistance {unknown}
 k - a potion of flight {unknown}
 m - a potion of lignification {unknown}
 r - a potion of mutation {unknown}


   Skills:
 - Level 3.0 Dodging
 - Level 3.0 Stealth
 - Level 4.0 Spellcasting
 + Level 6.1 Summonings


You couldn't memorise any spells.
You knew the following spells:

 Your Spells              Type           Power      Damage    Failure   Level
a - Summon Small Mammal   Summ           100%       N/A       1%          1
b - Call Canine Familiar  Summ           31%        N/A       2%          3
c - Summon Guardian Gole  Hex/Summ       17%        N/A       10%         3
d - Summon Lightning Spi  Summ/Air       17%        N/A       32%         4

Your spell library contained the following spells:

 Spells                   Type           Power      Damage    Failure   Level
 Call Imp                 Summ           31%        N/A       1%          2
 Static Discharge         Conj/Air       4%         3-4/arc   17%         2
 Dispel Undead            Necr           4%         3d7       73%         4
 Sticky Flame             Conj/Fire      4%         2d3       73%         4


Dungeon Overview and Level Annotations

Branches:
Dungeon (3/15)

Altars:
Ashenzari
Nemelex Xobeh
Okawaru
Qazlal
Sif Muna
Wu Jian


Message History

The bat dies!
Found a viscous ruby potion.
The orc barely misses your hound.
Your hound barely misses the orc.
Your hound bites the orc.
The orc hits your hound with a +0 flail.
An orc wizard comes into view. It is wielding a +0 dagger.
Your hound bites the orc.
The orc hits your hound with a +0 flail.
Your hound barely misses the orc.
An orc priest comes into view. It is wielding a +0 mace.
Your hound misses the orc.
The orc hits your hound with a +0 flail.
Your hound dies!
Your hound's corpse disappears in a puff of smoke!
The orc shouts!
Found a chain mail.
The orc wizard shouts!
The orc priest shouts!
The orc wizard points at you and mumbles some strange words.
You are confused.
The orc wizard mumbles some strange words.
The orc wizard flickers and vanishes!
Deactivating autopickup; reactivate with Ctrl-A.
The orc hits you with a +0 flail. The orc attacks as you move away!
The orc misses you. The orc attacks as you move away!
The orc hits you with a +0 flail!
You feel less confused.
The orc priest attacks as you move away!
The orc priest hits you with a +0 mace. The orc closely misses you.
Casting: Call Canine Familiar (dangerous; 2% risk of failure)
Confirm with . or Enter, or press ? or * to list all spells.
The orc priest hits you with a +0 mace. The orc hits you with a +0 flail!
* * * LOW HITPOINT WARNING * * *
Casting: Call Canine Familiar (dangerous; 2% risk of failure)
Confirm with . or Enter, or press ? or * to list all spells.
Your hound bites the orc.
The orc dies!
The orc priest closely misses you.
The orc priest attacks as you move away!
The orc priest hits you with a +0 mace!
You die...

#..## #...#....#....##..##
##..#### #.#..#..).##.##.#.#
######....#####.###.#....######
##.....#.....##### ########
#.............#... ...
...............#.# ..
...............#.##.# #
...............#.#..# ..#
...............#@#..#....
................o)h......
...........)..r.....[....
#.........).......#.#...#
#.................#.# ###
####.....†..........#
###.................#
....####<.......##.... #####
##...#.....##.##.


You could see an orc priest (ally target), a friendly hound (summoned) and a
friendly rat (summoned).

Vanquished Creatures
  An adder (D:3)
  An orc (D:3)
  2 hobgoblins
4 creatures vanquished.

Vanquished Creatures (collateral kills)
  3 adders
  A worm (D:2)
  4 dart slugs
  An orc (D:3)
  3 endoplasms (D:1)
  A giant cockroach (D:2)
  5 hobgoblins
  7 jackals (D:1)
  3 kobolds
  2 quokkas (D:1)
  5 ball pythons
  A bat (D:3)
  2 frilled lizards (D:3)
  4 goblins
  3 rats
45 creatures vanquished.

Vanquished Creatures (others)
  Ijyb (D:3)
  An endoplasm (D:3)
2 creatures vanquished.

Grand Total: 51 creatures vanquished

Notes
Turn   | Place    | Note
-------+----------+-------------------------------------------
     0 | D:1      | wormed the Deep Elf Summoner began the quest for the Orb.
     0 | D:1      | Reached XP level 1. HP: 10/10 MP: 6/6
   420 | D:1      | Reached XP level 2. HP: 15/15 MP: 6/8
   652 | D:1      | Found a faded altar of an unknown god.
  1051 | D:1      | Reached XP level 3. HP: 16/19 MP: 7/10
  1422 | D:1      | Learned a level 3 spell: Call Canine Familiar
  1834 | D:2      | Identified the +2 sling of Annihilation {flame, Will+}
  2146 | D:2      | Reached skill level 5 in Summonings
  2883 | D:3      | Identified the +4 falchion of Tumult {venom, Str+3}
  2930 | D:3      | Reached XP level 4. HP: 24/24 MP: 9/12
  2934 | D:3      | Learned a level 3 spell: Summon Guardian Golem
  2939 | D:3      | Learned a level 4 spell: Summon Lightning Spire
  3020 | D:3      | Found a shimmering blue altar of Sif Muna.
  3089 | D:3      | Found an iron altar of Okawaru.
  3089 | D:3      | Found a broken altar of Ashenzari.
  3097 | D:3      | Found an ornate altar of the Wu Jian Council.
  3110 | D:3      | Found a sparkling altar of Nemelex Xobeh.
  3112 | D:3      | Found a stormy altar of Qazlal.
  3266 | D:3      | Noticed Ijyb
  3291 | D:3      | Killed Ijyb
  3292 | D:3      | Reached skill level 6 in Summonings
  3391 | D:3      | Slain by an orc priest

Illustrated notes

Levels and vault maps discovered:
D:1:      zaba_arrival_water, layout_basic,
          shapermc_ecumenical_altar_starsandcircs
D:2:      layout_basic, nicolae_kite_square_tiling_tiny,
          nicolae_underground_beach
D:3:      layout_rooms, mainiacjoe_overflow_boulevard,
          chequers_temple_overflow_minitemple, minmay_misc_feat_rugged,
          uniq_ijyb

Skill      XL: |  1  2  3  4 |
---------------+-------------+-----
Stealth        | 3 |  3.0
Dodging        | 3 |  3.0
Spellcasting   | 4 |  4.0
Summonings     | 5 6 |  6.1

Action                   |  1- 3 |  4- 6 || total
-------------------------+-------+-------++-------
Melee: Dagger            |    15 |       ||    15
       Falchion          |       |     2 ||     2
 Cast: Summon Small Mamm |    48 |     1 ||    49
       Call Canine Famil |     8 |     3 ||    11
       Summon Guardian G |       |     1 ||     1
 Stab: Distracted        |     1 |       ||     1
Armor: Robe              |     4 |       ||     4
Dodge: Dodged            |    33 |     5 ||    38
